Map: Sitio de investigación JD-2

Players

MrFercho - Winner!

  • Race: Terran Terran
  • Spawn Location: 7:00

tigro

  • Race: Terran Terran
  • Spawn Location: 3:00

VOD

Have the link to the VOD?

Description

Time

  • Played on: Nov. 19, 2018, 8:30 a.m.
  • Length: 29:41
Show
View Real Time Build Order
Export as new Build Order

MrFercho Terran - Winner!

Build Orders:  

Get SALT Encoding   

  12  0:02  SCV  
  13  1:11  Supply Depot  
  13  1:17  Supply Depot  
  13  1:22  Refinery  
  13  1:32  SCV, Refinery  
  14  1:44  SCV  
  14  1:45  Barracks  
  15  1:54  Engineering Bay  
  15  1:56  SCV  
  16  2:08  SCV  
  17  2:20  Barracks, SCV  
  17  2:22  Engineering Bay  
  18  2:32  SCV  
  19  2:44  Barracks Tech Lab, SCV  
  20  2:56  SCV  
  21  3:00  Factory  
  21  3:08  SCV  
  22  3:30  Barracks Tech Lab  
  22  3:34  Orbital Command  
  22  3:52  Command Center  
  22  4:01  Reaper x2  
  24  4:10  Factory Tech Lab  
  24  4:24  SCV  
  25  4:33  Reaper x2  
  25  4:36  SCV, Widow Mine  
  30  4:49  SCV  
  31  5:03  SCV  
  32  5:07  Refinery  
  32  5:15  SCV  
  32  5:17  Supply Depot  
  32  5:19  Supply Depot  
  32  5:20  Supply Depot  
  33  5:22  Supply Depot  
  33  5:33  Refinery  
  33  5:42  Supply Depot  
  30  6:28  Siege Tank  
  31  6:48  Armory  
  31  6:49  Marauder  
  31  6:50  Armory  
  31  6:51  Armory  
  31  6:52  Marauder  
  35  7:10  Marauder  
  37  7:25  Factory  
  37  7:32  SCV  
  37  7:33  SCV  
  39  7:45  SCV x2  
  41  7:56  Starport  
  41  7:57  Starport, SCV x2  
  43  8:00  Starport  
  43  8:09  SCV x2  
  43  8:10  Factory  
  45  8:21  SCV x2  
  47  8:36  Starport  
  46  8:56  Factory  
  46  8:59  Factory Tech Lab x2  
  46  9:02  Starport Tech Lab  
  46  9:03  Starport Tech Lab x2  
  46  9:11  Fusion Core  
  46  9:48  Sensor Tower  
  46  9:59  Orbital Command  
  46  10:09  Starport Tech Lab  
  46  10:10  Factory Tech Lab  
  46  10:17  Barracks  
  46  10:18  Sensor Tower  
  45  10:25  Barracks  
  45  10:26  Liberator  
  45  10:41  Battlecruiser  
  45  10:42  Raven  
  56  10:50  Sensor Tower  
  56  11:05  Command Center, Refinery  
  56  11:09  Barracks, Refinery  
  56  11:11  SCV  
  56  11:12  SCV  
  56  11:17  Barracks  
  58  11:24  SCV x2  
  60  11:35  Barracks Tech Lab x2  
  60  11:36  SCV x2  
  62  11:41  Weapon Refit  
  62  11:48  SCV x2  
  64  12:00  SCV x2  
  66  12:07  Barracks Tech Lab x2  
  66  12:42  Terran Ship Weapons Level 1, Terran Vehicle And Ship Armor Level 1, Terran Vehicle Weapons Level 1  
  66  12:48  Terran Infantry Weapons Level 1  
  66  12:49  Terran Infantry Armor Level 1  
  66  13:00  Thor x2  
  66  13:03  Cyclone  
  81  13:09  Widow Mine  
  83  13:30  Widow Mine  
  85  13:36  Widow Mine  
  87  13:43  Widow Mine  
  86  14:42  Neosteel Frame, Neosteel Armor  
  86  15:25  Terran Ship Weapons Level 2  
  86  15:26  Terran Vehicle Weapons Level 2  
  86  15:28  Terran Vehicle And Ship Armor Level 2  
  86  15:31  Command Center  
  86  15:46  Siege Tank x3  
  86  15:47  Siege Tank  
  98  16:01  Hi-Sec Auto Tracking  
  98  16:10  Supply Depot  
  98  16:12  Supply Depot  
  98  16:16  Supply Depot  
  98  16:19  Supply Depot  
  98  16:20  Supply Depot  
  98  16:22  Terran Infantry Weapons Level 2  
  98  16:35  Supply Depot x2  
  98  16:37  Supply Depot  
  98  16:41  Refinery  
  98  16:46  Refinery  
  98  16:51  Command Center  
  98  16:55  Refinery  
  98  16:58  Terran Infantry Armor Level 2  
  98  17:01  Orbital Command  
  98  17:11  SCV x2  
  100  17:16  Refinery  
  100  17:20  Marine x2  
  100  17:21  Marine x4  
  106  17:23  SCV x2  
  108  17:35  SCV  
  109  17:38  Marine x3  
  109  17:39  Marine x3  
  109  17:43  Combat Shield  
  115  17:45  Concussive Shells  
  115  17:47  Infernal Pre-Igniter, Rapid Fire Launchers  
  115  17:48  Smart Servos, Drilling Claws  
  115  17:51  Advanced Ballistics  
  115  17:52  Rapid Reignition System, Corvid Reactor  
  115  17:53  Cloaking Field  
  115  17:56  Marine x4  
  115  17:57  Marine x2  
  121  17:59  Terran Ship Weapons Level 3, Terran Vehicle Weapons Level 3  
  121  18:05  Terran Vehicle And Ship Armor Level 3  
  121  18:06  Stimpack  
  121  18:14  Marine x5  
  121  18:15  Marine  
  127  18:32  Marine x6  
  133  18:50  Hyperflight Rotors  
  133  19:33  Missile Turret  
  133  19:36  Missile Turret  
  133  19:40  Missile Turret  
  133  19:41  Missile Turret  
  133  19:46  Missile Turret x2  
  133  19:49  Missile Turret  
  133  19:52  Missile Turret  
  133  19:58  Missile Turret  
  133  20:03  Missile Turret  
  133  20:06  Command Center  
  133  20:07  Refinery  
  133  20:10  Refinery  
  133  20:17  SCV  
  133  20:18  SCV x3  
  137  20:27  Orbital Command  
  137  20:30  SCV x4  
  141  20:42  SCV  
  142  20:54  Terran Infantry Weapons Level 3  
  142  20:55  Terran Infantry Armor Level 3  
  112  21:58  Thor x2  
  112  21:59  Siege Tank x2  
  130  22:06  Marauder  
  130  22:07  Marauder x4  
  140  22:09  Marine  
  141  22:19  Banshee x4  
  153  22:27  Marine x3  
  153  22:28  Marine x3  
  159  22:41  Cyclone x4  
  171  22:44  Marine  
  172  23:01  Banshee  
  172  23:02  Viking x2, Medivac  
  181  23:34  Orbital Command  
  181  23:39  Orbital Command  
Show
View Real Time Build Order
Export as new Build Order

tigro Terran 

Build Orders:  

Get SALT Encoding   

  12  0:08  SCV  
  13  0:20  SCV  
  14  0:23  Supply Depot  
  14  0:32  SCV  
  14  0:34  Refinery  
  15  0:43  Refinery  
  15  0:59  Barracks  
  15  1:08  SCV  
  16  1:20  SCV  
  17  1:52  Engineering Bay  
  17  1:53  SCV  
  18  1:57  Marine  
  19  2:05  SCV  
  20  2:14  Marine  
  21  2:21  Terran Infantry Weapons Level 1  
  21  2:23  Supply Depot  
  21  2:32  Marine  
  22  2:50  Marine  
  23  3:08  Marine  
  23  3:09  Missile Turret  
  24  3:31  Barracks Tech Lab  
  24  3:36  Factory  
  24  3:49  Combat Shield  
  24  4:13  Marauder  
  24  4:15  Terran Infantry Armor Level 1  
  26  4:22  Command Center  
  26  4:23  Factory Tech Lab  
  26  5:02  Supply Depot  
  26  5:28  Siege Tank  
  29  5:30  Stimpack  
  29  5:36  Missile Turret  
  29  5:37  Refinery  
  29  5:41  Infernal Pre-Igniter  
  29  5:45  SCV  
  30  5:57  SCV  
  30  6:00  Siege Tank  
  33  6:09  Hi-Sec Auto Tracking, SCV  
  33  6:21  SCV  
  34  6:32  Siege Tank  
  37  7:06  Neosteel Frame  
  37  7:10  Concussive Shells  
  37  7:38  Command Center  
  37  8:07  Armory  
  37  8:11  SCV  
  38  8:15  Planetary Fortress  
  38  8:28  Reaper  
  39  9:00  Reaper  
  39  9:01  Rapid Fire Launchers  
  40  9:19  Siege Tank  
  43  9:28  Missile Turret  
  43  9:32  Reaper  
  44  9:42  Missile Turret  
  44  9:51  Siege Tank  
  47  9:55  Starport  
  47  10:04  Reaper  
  48  10:17  Refinery  
  48  10:19  Drilling Claws  
  48  10:23  Thor  
  48  10:26  Orbital Command  
  54  10:31  Planetary Fortress  
  54  10:37  Reaper  
  55  10:50  Barracks  
  55  11:21  Terran Ship Weapons Level 1  
  55  11:38  Smart Servos, SCV  
  55  11:39  Factory  
  56  11:48  Starport Tech Lab  
  56  11:50  SCV  
  57  11:58  Terran Infantry Weapons Level 2  
  57  12:24  Refinery  
  57  12:38  Weapon Refit  
  57  12:41  Factory Tech Lab  
  57  12:43  Barracks Tech Lab, Fusion Core  
  57  12:48  Rapid Reignition System  
  57  12:56  SCV  
  58  13:08  SCV  
  58  13:09  SCV  
  60  13:16  Terran Vehicle Weapons Level 1  
  60  13:20  SCV  
  61  13:38  Battlecruiser  
  67  13:44  Cloaking Field, Missile Turret  
  67  13:48  SCV  
  61  14:00  SCV  
  54  14:14  Terran Infantry Armor Level 2  
  54  14:16  Marine  
  55  14:28  SCV  
  56  14:34  Marine  
  57  14:40  SCV  
  57  14:42  Medivac  
  60  14:52  Marine, SCV  
  62  15:01  Missile Turret  
  62  15:09  Marine  
  62  15:10  Terran Vehicle And Ship Armor Level 1  
  63  15:27  Marine  
  64  15:45  Reaper  
  65  15:58  Missile Turret  
  65  16:11  Refinery  
  65  16:30  Neosteel Armor  
  65  16:34  Supply Depot, Refinery  
  65  16:47  Missile Turret  
  65  16:55  Thor  
  71  17:12  Missile Turret  
  71  17:27  Missile Turret  
  71  17:31  SCV  
  72  17:43  SCV  
  73  17:48  Terran Vehicle Weapons Level 2  
  73  17:55  SCV  
  73  17:56  Supply Depot  
  74  18:07  SCV  
  75  18:17  Thor  
  75  18:18  Missile Turret  
  75  18:19  SCV  
  82  18:31  SCV  
  83  18:43  SCV  
  84  18:58  Refinery  
  83  19:30  Missile Turret  
  83  19:50  Missile Turret  
  83  19:55  Supply Depot  
  83  20:01  SCV  
  83  20:03  Terran Vehicle And Ship Armor Level 2  
  84  20:16  Thor  
  90  20:35  Corvid Reactor, Missile Turret  
  90  20:44  SCV  
  90  20:46  Missile Turret  
  91  20:56  SCV  
  92  21:09  Missile Turret  
  92  21:26  Supply Depot  
  92  21:48  Battlecruiser  
  95  21:54  Hyperflight Rotors  
  95  21:59  Starport  
  95  22:20  Terran Vehicle Weapons Level 3  
  95  22:42  Starport Tech Lab  
  95  22:52  Viking  
  97  23:06  Siege Tank  
  97  23:09  Missile Turret  
  100  23:34  Supply Depot  
  100  23:55  Viking, Advanced Ballistics, Siege Tank  
  100  23:57  Missile Turret  
  105  24:16  Widow Mine  
  107  24:37  Widow Mine  
  109  24:55  Supply Depot  
  109  24:56  Terran Ship Weapons Level 2  
  109  25:17  Banshee, Widow Mine  
  114  25:39  Widow Mine  
  113  26:00  Widow Mine  
  44  26:31  Siege Tank  
  49  26:58  Banshee  
  27  27:40  Banshee  
Tags
 
Matchup
TvT
Race
Terran
Replay Pack
MrFercho
Spawn Locations
Cross Positions
Add a new tag
Caveats
  • Supply blocks, unpowered buildings, or Contaminate may cause inaccurate times.
  • Supply counts are checked every 10 seconds.